 Dungeon Crawl Stone Soup version 0.14-a0-155-gd989017 (webtiles) character file.

409 Malachi the Ducker (level 5, -2/46 HPs)
             Began as a Draconian Berserker on Oct 4, 2013.
             Was a Priest of Trog.
             Killed from afar by Dowan (7 damage)
             ... with a puff of frost
             ... on Level 4 of the Dungeon.
             The game lasted 00:05:26 (2448 turns).

Malachi the Ducker (Draconian Berserker)            Turns: 2448, Time: 00:05:27

HP  -2/46        AC  7     Str 20      XL: 5   Next: 85%
MP   4/4         EV 13     Int  8      God: Trog [***...]
Gold 162         SH  0     Dex 10      Spells:  0 memorised,  4 levels left

Res.Fire  : . . .   See Invis. : .   a - +0 hand axe
Res.Cold  : . . .   Warding    : .   (armour unavailable)
Life Prot.: . . .   Conserve   : .   (no shield)
Res.Poison: .       Res.Corr.  : .   j - +1 wizard hat
Res.Elec. : .       Clarity    : .   k - +0 dwarf cloak
Sust.Abil.: . .     Spirit.Shd : .   (no gloves)
Res.Mut.  : .       Stasis     : .   (no boots)
Res.Rott. : .       Flight     : .   (no amulet)
Saprovore : . . .                    (no ring)
                                     (no ring)

@: exhausted, slowed, very slow, slightly resistant to hostile enchantments,
unstealthy
A: unfitting armour, AC +5
a: Burn Spellbooks, Berserk, Trog's Hand, Renounce Religion


You were on level 4 of the Dungeon.
You worshipped Trog.
Trog was most pleased with you.
You were very hungry.

You visited 1 branch of the dungeon, and saw 4 of its levels.

You collected 181 gold pieces.
You spent 39 gold pieces at shops.

Inventory:

Hand weapons
 a - a +0,+0 hand axe (weapon)
Armour
 j - a +1 wizard hat (worn)
 k - a +0 dwarven cloak (worn)
Magical devices
 z - a wand of lightning (6) {unknown}
Comestibles
 c - 3 bread rations
 d - an apple
 f - 2 pears
 i - a choko
 u - a beef jerky
Scrolls
 b - 2 scrolls of identify {unknown}
 g - 5 scrolls of teleportation
 p - a scroll of recharging {unknown}
 s - a scroll of fog {unknown}
 t - a scroll of blinking {unknown}
 w - a scroll of amnesia {unknown}
 x - a scroll of curse armour {unknown}
Jewellery
 h - an uncursed amulet of resist mutation {unknown}
 q - a cursed amulet of rage {unknown}
 y - a +6 ring of strength {unknown}
Potions
 l - a potion of flight {unknown}
 m - a potion of cure mutation {unknown}
 n - a potion of slowing {unknown}
 o - a potion of curing {unknown}
 r - a potion of agility {unknown}
 v - 2 potions of poison {unknown}


   Skills:
 + Level 4.2 Fighting
 + Level 4.0 Axes
 + Level 4.6 Dodging
 + Level 1.7 Stealth


You had 4 spell levels left.
You didn't know any spells.

Dungeon Overview and Level Annotations

Branches:
Dungeon (4/27)
 Temple: D:4-7

Altars:
Sif Muna
the Shining One

Shops:
D:4 *

Annotations:
D:4 Dowan, Duvessa


Message History

Duvessa hits you with an elven short sword!
You hit Duvessa but do no damage.
Duvessa is almost dead.
You hit Dowan.
Dowan is lightly wounded.
Duvessa closely misses you.
Duvessa hits you with an elven short sword.
Dowan hits you but does no damage.
Duvessa hits you with an elven short sword!
Dowan hits you but does no damage.
You hit Duvessa but do no damage.
Duvessa is almost dead.
You hit Dowan.
Dowan is lightly wounded.
Duvessa hits you but does no damage.
Duvessa hits you with an elven short sword!
* * * LOW HITPOINT WARNING * * *
Dowan points at you and mumbles some strange words.
The puff of frost hits you!
You die...

#....#...............####...#
.#..............#....# #...#
..#..................##....#
...#..............#...#....##
............................#
........................?....#
..............................
................ee........#..#
................@.........# ##
...#.......................#
....#...........#.........##
.........................##
....<..............#.......
.....##.....#....#........
.)....###.......#........
.#.....#...............#
......#.#....... . .


You could see Duvessa and Dowan.

Vanquished Creatures
  A giant frog (D:4)
  A worker ant (D:4)
  An iguana (D:4)
  3 adders
  An inept item mimic (D:2)
  2 giant mites (D:1)
  A giant eyeball (D:4)
  An ooze (D:1)
  5 orcs (D:3)
  8 bats
  3 giant cockroaches (D:1)
  12 goblins
  8 hobgoblins
  3 jackals (D:2)
  9 kobolds
  A giant newt (D:1)
  A goblin skeleton (D:4)
  11 rats
72 creatures vanquished.

Notes
Turn   | Place    | Note
--------------------------------------------------------------
     0 | D:1      | Malachi, the Draconian Berserker, began the quest for the Orb.
     0 | D:1      | Reached XP level 1. HP: 19/19 MP: 0/0
   145 | D:1      | Reached XP level 2. HP: 10/26 MP: 1/1
   425 | D:1      | Reached XP level 3. HP: 33/33 MP: 2/2
   514 | D:1      | Acquired Trog's second power
   926 | D:2      | Found a glowing golden altar of the Shining One.
  1110 | D:2      | Reached skill level 4 in Fighting
  1144 | D:2      | Reached XP level 4. HP: 40/40 MP: 3/3
  1298 | D:3      | Reached skill level 1 in Stealth
  1404 | D:3      | Found a deep blue altar of Sif Muna.
  2086 | D:4      | Noticed a giant frog
  2105 | D:4      | Killed a giant frog
  2105 | D:4      | Reached XP level 5. HP: 21/46 MP: 4/4
  2166 | D:4      | Paralysed by a giant eyeball for 4 turns
  2175 | D:4      | Found Sulanod's General Store.
  2211 | D:4      | Bought a potion of heal wounds for 39 gold pieces
  2413 | D:4      | Noticed Duvessa
  2413 | D:4      | Noticed Dowan
  2448 | D:4      | Killed from afar by Dowan

Action                   |  1- 3 |  4- 6 || total
-------------------------+-------+-------++-------
Melee: Hand axe          |    74 |   144 ||   218
Invok: Berserk           |     1 |     2 ||     3
  Use: Scroll            |     4 |     2 ||     6
       Potion            |       |     2 ||     2
 Stab: Sleeping          |       |     2 ||     2
